 Dungeon Crawl Stone Soup version 0.26-a0-651-gb41185065b (webtiles) character file.

Game seed: 2985683834310449176

14 Ozzies the Chiller (level 2, 0/15 HPs)
             Began as a Deep Elf Ice Elementalist on Oct 5, 2020.
             Slain by a hobgoblin
             ... wielding a +0 club
              (1 damage)
             ... on level 1 of the Dungeon.
             The game lasted 00:01:05 (275 turns).

Ozzies the Chiller (Deep Elf Ice Elementalist)       Turns: 275, Time: 00:01:05

Health: 0/15       AC:  2    Str:  5    XL:     2   Next: 31%
Magic:  5/8        EV: 13    Int: 19    God:
Gold:   17         SH:  0    Dex: 15    Spells: 6/7 levels left

rFire    . . .     SeeInvis .   (no weapon)
rCold    . . .     Faith    .   (no shield)
rNeg     . . .     Spirit   .   a - +0 robe
rPois    .         Reflect  .   (no helmet)
rElec    .         Harm     .   (no cloak)
rCorr    .         Rampage  .   (no gloves)
MR       .....                  (no boots)
Stlth    ++........             e - amulet of magic regeneration
HPRegen  0.05/turn              (no ring)
MPRegen  0.36/turn              (no ring)

@: very slightly contaminated
A: no striking features
a: no special abilities


You were on level 1 of the Dungeon.
You visited 1 branch of the dungeon, and saw 1 of its levels.

You collected 17 gold pieces.

Inventory:

Missiles
 c - 56 stones (quivered)
Armour
 a - a +0 robe (worn)
Jewellery
 e - an amulet of magic regeneration (around neck)
Scrolls
 b - a scroll of remove curse {unknown}


   Skills:
 + Level 2.8 Dodging
 + Level 2.8 Stealth
 + Level 3.3 Spellcasting
 + Level 4.5 Ice Magic


You had 6 spell levels left.
You knew the following spells:

 Your Spells              Type           Power        Failure   Level
a - Freeze                Ice            ###.         2%          1

Your spell library contained the following spells:

 Spells                   Type           Power        Failure   Level
 Frozen Ramparts          Ice            ###...       7%          3
 Ozocubu's Armour         Ice            ###.....     7%          3
 Hailstorm                Conj/Ice       ##......     50%         4
 Summon Ice Beast         Ice/Summ       ##......     50%         4


Dungeon Overview and Level Annotations

Branches:
Dungeon (1/15)

Altars:


Message History

The rat bites you.
Casting: Freeze (safe; 2% risk of failure)
Confirm with . or Enter, or press ? or * to list all spells.
Aiming: Freeze (safe; 2% risk of failure)
Press: ? - help, Shift-Dir - straight line, f - rat
Aim: a rat (heavily wounded)
You freeze the rat.
You kill the rat!
A kobold comes into view. It is wielding a +0 dagger.
The kobold shouts!
The kobold throws a stone.
The stone hits you but does no damage.
You see here a stone.
A kobold is nearby!
A kobold is nearby!
Casting: Freeze (safe; 2% risk of failure)
Confirm with . or Enter, or press ? or * to list all spells.
Aiming: Freeze (safe; 2% risk of failure)
Press: ? - help, Shift-Dir - straight line, f - kobold
Aim: a kobold, wielding a +0 dagger and quivering 4 stones You freeze the kobold.
You kill the kobold!
c - 32 stones (gained 21)
c - 36 stones (gained 4)
Things that are here:
a +0 dagger; a kobold corpse
c - 37 stones (gained 1)
A goblin comes into view. It is wielding a +0 dagger.
A goblin is nearby!
The goblin shouts!
The goblin hits you with a +0 dagger.
Casting: Freeze (safe; 2% risk of failure)
Confirm with . or Enter, or press ? or * to list all spells.
Aiming: Freeze (safe; 2% risk of failure)
Press: ? - help, Shift-Dir - straight line, f - goblin
Aim: a goblin, wielding a +0 dagger You freeze the goblin!
You kill the goblin!
Things that are here:
a +0 dagger; a goblin corpse
Things that are here:
a +0 dagger; a goblin corpse You open the door.
There is an open door here.
Found 14 arrows.
c - 56 stones (gained 19)
You open the door.
A kobold comes into view. It is wielding a +0 short sword.
A kobold is nearby!
A kobold is nearby!
A gnoll comes into view.
The gnoll shouts!
You hear a shout!
A hobgoblin comes into view. It is wielding a +0 club.
You see here 9 gold pieces.
A goblin comes into view. It is wielding a +0 club.
Found 3 poisoned darts.
Casting: Freeze (safe; 2% risk of failure)
Confirm with . or Enter, or press ? or * to list all spells.
Aiming: Freeze (safe; 2% risk of failure)
Press: ? - help, Shift-Dir - straight line, f - gnoll
Aim: a gnoll You freeze the gnoll.
The gnoll is lightly wounded.
The goblin shouts!
The gnoll barely misses you.
Casting: Freeze (safe; 2% risk of failure)
Confirm with . or Enter, or press ? or * to list all spells.
Aiming: Freeze (safe; 2% risk of failure)
Press: ? - help, Shift-Dir - straight line, f/p - gnoll
Aim: a gnoll (lightly wounded)
You miscast Freeze.
You are very lightly contaminated with residual magic.
Nothing appears to happen.
The gnoll hits you!
Ouch! That really hurt!
* * * LOW HITPOINT WARNING * * *
Casting: Freeze (safe; 2% risk of failure)
Confirm with . or Enter, or press ? or * to list all spells.
Aiming: Freeze (safe; 2% risk of failure)
Press: ? - help, Shift-Dir - straight line, f/p - gnoll
Aim: a gnoll (lightly wounded)
You freeze the gnoll!
The gnoll is severely wounded.
The gnoll misses you.
Casting: Freeze (safe; 2% risk of failure)
Confirm with . or Enter, or press ? or * to list all spells.
Aiming: Freeze (safe; 2% risk of failure)
Press: ? - help, Shift-Dir - straight line, f/p - gnoll
Aim: a gnoll (severely wounded)
You freeze the gnoll!
You kill the gnoll!
You have reached level 2!
You see here 9 gold pieces.
Casting: Freeze (safe; 2% risk of failure)
Confirm with . or Enter, or press ? or * to list all spells.
Aiming: Freeze (safe; 2% risk of failure)
Press: ? - help, Shift-Dir - straight line, f - hobgoblin
Aim: a hobgoblin, wielding a +0 club You freeze the hobgoblin.
The hobgoblin is almost dead.
The hobgoblin hits you with a +0 club.
You die...

#.# #.# #.# #####'####
#........###
#........+.#
###........#.#####
#.'..........(...#
#.#........#@###+##
#.#.........gK....##+##
#.#..........g$........
#.#########............
#.# #.....†...... #.#
#............
#.#########............
#......)..##.....#....(
####.####.#............


You could see a hobgoblin, a goblin and a kobold.

Vanquished Creatures
  A gnoll (D:1)
  A goblin (D:1)
  2 kobolds (D:1)
  2 rats (D:1)
6 creatures vanquished.

Notes
Turn   | Place    | Note
-------+----------+-------------------------------------------
     0 | D:1      | Ozzies the Deep Elf Ice Elementalist began the quest for
                  | the Orb.
     0 | D:1      | Reached XP level 1. HP: 10/10 MP: 6/6
   271 | D:1      | Reached XP level 2. HP: 1/15 MP: 4/8
   275 | D:1      | Slain by a hobgoblin

Illustrated notes

Levels and vault maps discovered:
D:1:      tarquinn_simple_flora_water_c, layout_basic, minmay_tromino_v4_b

Action                   || total
-------------------------++-------
Melee: Unarmed           ||     2
 Cast: Freeze            ||    10
Armor: Robe              ||     3
Dodge: Dodged            ||     4

Table legend: (Time is in decaauts)
 A = Elapsed time spent in this place.
 B = Non-inter-level travel time spent in this place.
 C = Inter-level travel time spent in this place.
 D = Time resting spent in this place.
 E = Time spent auto-exploring this place.
 F = Levels seen in this place.
 G = Mean time per level.
                   A        B        C        D        E       F      G
               +--------+--------+--------+--------+--------+-----+--------+
         Total |    275 |    275 |      0 |      0 |    225 |   1 |  275.0 |
       Dungeon |    275 |    275 |      0 |      0 |    225 |   1 |  275.0 |
               +--------+--------+--------+--------+--------+-----+--------+

Top non-repeatable levels by time:
     D:1: 275 daAuts
